 Dungeon Crawl Stone Soup version 0.23.0 (webtiles) character file.

Game seed: 8493954524099287463

1423 Kisielow the Destroyer (level 8, -13/41 HPs)
             Began as a Deep Elf Wizard on Feb 17, 2019.
             Mangled by Prince Ribbit (20 damage)
             ... on level 6 of the Dungeon.
             The game lasted 00:30:26 (8560 turns).

Kisielow the Destroyer (Deep Elf Wizard)            Turns: 8560, Time: 00:30:27

Health: -13/41     AC:  6    Str:  5 (6)  XL:     8   Next: 44%
Magic:  0/17       EV: 13    Int: 29      God:
Gold:   267        SH:  0    Dex: 13      Spells: 8/17 levels left

rFire    . . .     SeeInvis .   b - +3 short sword (freeze)
rCold    . . .     Gourm    .   (no shield)
rNeg     . . .     Faith    +   c - +2 robe {Archmagi}
rPois    +         Spirit   .   n - +1 helmet
rElec    .         Reflect  .   (no cloak)
rCorr    .         Harm     .   (no gloves)
MR       .....                  (no boots)
Stlth    ++........             k - amulet of faith
HPRegen  0.13/turn              l - ring of poison resistance
MPRegen  0.15/turn              (no ring)

@: brilliant, very slightly contaminated
A: no striking features
a: no special abilities


You were on level 6 of the Dungeon.
You were not hungry.

You visited 1 branch of the dungeon, and saw 7 of its levels.

You collected 267 gold pieces.

Inventory:

Hand Weapons
 b - a +3 short sword of freezing (weapon)
Armour
 c - a +2 robe of the Archmagi (worn)
 n - a +1 helmet (worn)
Jewellery
 k - an amulet of faith (around neck)
 l - a ring of poison resistance (left hand)
Scrolls
 a - a scroll of amnesia
 g - a scroll of identify
 j - 3 scrolls of remove curse
Potions
 i - a potion of heal wounds
Comestibles
 d - 7 rations


   Skills:
 - Level 2.4 Dodging
 - Level 2.4 Stealth
 - Level 5.0 Spellcasting
 * Level 9.4 Conjurations
 - Level 1.1 Summonings
   Level 1.1 Translocations
 + Level 6.1 Fire Magic


You had 8 spell levels left.
You knew the following spells:

 Your Spells              Type           Power        Failure   Level  Hunger
e - Conjure Flame         Conj/Fire      #######.     1%          3    #......
l - Call Imp              Summ           #####...     1%          2    None
q - Magic Dart            Conj           ####         1%          1    None
w - Mephitic Cloud        Conj/Pois/Air  ######..     1%          3    #......

Your spell library contained the following spells:

 Spells                   Type           Power        Failure   Level  Hunger
 Blink                    Tloc           N/A          1%          2    None
 Slow                     Hex            #####...     1%          2    None


Dungeon Overview and Level Annotations

Branches:
Dungeon (7/15)             Temple (0/1) D:7

Altars:
Ashenzari
Cheibriados
Fedhas
Makhleb
Qazlal
Ru
Sif Muna

Shops:
D:6 :

Annotations:
D:6 Prince Ribbit


Message History

The jelly barely misses you.
Casting: Magic Dart (safe; 1% risk of failure)
Confirm with . or Enter, or press ? or * to list all spells.
Aiming: Magic Dart (safe; 1% risk of failure)
Press: ? - help, Shift-Dir - straight line, f/p - jelly
Aim: a jelly (severely wounded)
You feel a surge of power!
The magic dart hits the jelly.
You kill the jelly!
Prince Ribbit hits you.
* * * LOW HITPOINT WARNING * * *
Casting: Magic Dart (safe; 1% risk of failure)
Confirm with . or Enter, or press ? or * to list all spells.
Aiming: Magic Dart (safe; 1% risk of failure)
Press: ? - help, Shift-Dir - straight line, f - Prince Ribbit
Aim: Prince Ribbit (lightly wounded)
You feel a surge of power!
The magic dart hits Prince Ribbit.
Prince Ribbit is lightly wounded.
Prince Ribbit closely misses you. Prince Ribbit hits you!!
You die...

.# #.....# #.......##...... .#
#..8..# #.####..#####..# .#
#.....#####.####..##...#.# .#
#####...#.......#....##....∩.
.####...........##..#.#.###...#.#
............(....#..#.#..........
.####............#..[.[..##......
.# ###.#...#.##.##.#.##.##....<.
.# #.#...#...@.[.#.##.##....>. .#
#.......##F####.##.######## .#
##.......##†####.##.#### .#
#.....#..##...J.>......# ##
#)...F......####(......##### #
#.#.##..###.# #####...#.... #
#.#.....###.# ##....... #
#.##......#.# ####.##.
#####.##.#..#.#.##### #.###


You could see Prince Ribbit.

Vanquished Creatures
  An orc warrior (D:6)
  2 phantoms (D:6)
  An ice beast (D:5)
  A centaur (D:6)
  A bullfrog (D:6)
  4 wights
  A crimson imp (D:6)
  2 hounds
  An iron imp (D:6)
  A jelly (D:6)
  An orc wizard (D:3)
  A bullfrog skeleton (D:5)
  A centaur skeleton (D:4)
  A worker ant (D:4)
  A hound zombie (D:5)
  Robin (D:4)
  A gnoll (D:4)
  2 adders
  4 oozes
  A worm (D:3)
  A dart slug (D:1)
  A leopard gecko (D:3)
  7 orcs
  7 bats
  2 giant cockroaches
  4 hobgoblins
  8 jackals
  5 kobolds
  2 quokkas
  A ball python (D:4)
  7 frilled lizards
  8 goblins
  A leopard gecko skeleton (D:6)
  9 rats
92 creatures vanquished.

Vanquished Creatures (collateral kills)
  An ice beast (D:6)
  An orc warrior (D:3)
  A centaur (D:5)
  A bullfrog skeleton (D:5)
  A centaur skeleton (D:4)
  An orc priest (D:4)
  A gnoll shaman (D:4)
  An iguana (D:4)
  An orc wizard (D:4)
  3 worker ants (D:5)
  A killer bee zombie (D:5)
  3 gnolls (D:4)
  3 adders (D:2)
  An ooze (D:1)
  A worm (D:2)
  A dart slug (D:1)
  2 orcs
  A giant cockroach (D:3)
  8 goblins
  4 hobgoblins (D:4)
  8 jackals
  A bat (D:2)
  2 kobolds (D:2)
48 creatures vanquished.

Grand Total: 140 creatures vanquished

Notes
Turn   | Place    | Note
-------+----------+-------------------------------------------
     0 | D:1      | Kisielow the Deep Elf Wizard began the quest for the Orb.
     0 | D:1      | Reached XP level 1. HP: 10/10 MP: 7/7
   171 | D:1      | Reached skill level 2 in Conjurations
   172 | D:1      | Reached XP level 2. HP: 15/15 MP: 5/9
   183 | D:1      | Learned a level 2 spell: Call Imp
   714 | D:1      | Reached skill level 5 in Spellcasting
   714 | D:1      | Reached XP level 3. HP: 19/19 MP: 7/11
   719 | D:1      | Learned a level 3 spell: Mephitic Cloud
   723 | D:1      | Learned a level 3 spell: Conjure Flame
  1019 | D:2      | Reached skill level 3 in Conjurations
  1101 | D:2      | Reached skill level 1 in Fire Magic
  1181 | D:2      | Found a blossoming altar of Fedhas.
  1187 | D:2      | Found a sacrificial altar of Ru.
  1302 | D:2      | You fall through a shaft!
  1330 | D:3      | Found a stormy altar of Qazlal.
  1369 | D:3      | Reached XP level 4. HP: 24/24 MP: 9/13
  1547 | D:3      | Reached skill level 4 in Conjurations
  1724 | D:3      | Noticed an orc warrior
  2266 | D:2      | Found a deep blue altar of Sif Muna.
  2396 | D:3      | Killed an orc warrior
  2396 | D:3      | Reached XP level 5. HP: 28/28 MP: 1/14
  2836 | D:3      | Reached skill level 5 in Conjurations
  2855 | D:3      | Found a burning altar of Makhleb.
  3264 | D:4      | Reached XP level 6. HP: 32/32 MP: 8/15
  3675 | D:4      | Noticed Robin
  3891 | D:4      | Killed Robin
  4049 | D:4      | Reached skill level 6 in Conjurations
  4054 | D:4      | Found a stormy altar of Qazlal.
  4056 | D:4      | Noticed an air elemental
  4057 | D:4      | Noticed a fire elemental
  4057 | D:4      | Noticed a water elemental
  4584 | D:5      | Entered Level 5 of the Dungeon
  4756 | D:5      | Noticed an ice beast
  5020 | D:5      | Found a shattered altar of Ashenzari.
  5250 | D:5      | Reached XP level 7. HP: 36/36 MP: 6/16
  6019 | D:6      | Reached skill level 7 in Conjurations
  6789 | D:6      | Reached skill level 8 in Conjurations
  6789 | D:6      | Reached skill level 5 in Fire Magic
  7006 | D:6      | Found Hageasay's Book Emporium.
  7268 | D:5      | Reached XP level 8. HP: 41/41 MP: 2/17
  7950 | D:6      | Found a snail-covered altar of Cheibriados.
  8102 | D:6      | Reached skill level 9 in Conjurations
  8534 | D:7      | Found a staircase to the Ecumenical Temple.
  8534 | D:7      | Noticed Prince Ribbit
  8560 | D:6      | Mangled by Prince Ribbit

Skill      XL: |  1  2  3  4  5  6  7  8 |
---------------+-------------------------+-----
Conjurations   | 2 3 4 5 6 8 9 |  9.4
Spellcasting   | 5 |  5.0
Fire Magic     | 1 2 3 4 5 6 |  6.1
Dodging        | |  2.4
Stealth        | |  2.4
Summonings     | |  1.1
Translocations | |  1.1

Action                   |  1- 3 |  4- 6 |  7- 9 || total
-------------------------+-------+-------+-------++-------
Melee: Unarmed           |     2 |     4 |     3 ||     9
 Cast: Magic Dart        |    55 |   118 |   157 ||   330
       Call Imp          |    13 |    47 |    21 ||    81
       Mephitic Cloud    |       |    16 |     6 ||    22
       Conjure Flame     |       |     3 |    13 ||    16
  Use: Scroll            |       |    11 |       ||    11
       Potion            |       |     2 |     7 ||     9
  Eat: Chunk             |     1 |    12 |     2 ||    15
       Ration            |       |       |     3 ||     3
Armor: Robe              |     6 |    13 |     9 ||    28
Dodge: Dodged            |    17 |    46 |    38 ||   101
